 Dungeon Crawl Stone Soup version 0.20.0-6-gd3061e9 (webtiles) character file.

2854 MTVSty1e the Fighter (level 10, -1/86 HPs)
             Began as a Formicid Fighter on May 28, 2017.
             Slain by a hog (4 damage)
             ... on level 7 of the Dungeon.
             The game lasted 00:16:37 (7839 turns).

MTVSty1e the Fighter (Formicid Fighter)             Turns: 7839, Time: 00:16:38

Health: -1/86      AC: 11    Str: 24    XL:     10   Next: 4%
Magic:  10/10      EV:  5    Int:  8    God:
Gold:   415        SH:  9    Dex: 10    Spells: 9/9 levels left

rFire    + . .     SeeInvis +   a - +1 trident
rCold    . . .     Gourm    .   c - +0 shield
rNeg     . . .     Faith    .   p - +0 plate armour
rPois    .         Spirit   .   (helmet unavailable)
rElec    .         Reflect  .   (no cloak)
rCorr    .         Harm     .   (no gloves)
MR       +....                  (no boots)
Stlth    ..........             (no amulet)
Regen    0.3/turn               q - ring of protection from fire
MPRegen  0.2/turn               (no ring)

@: no status effects
A: permanent stasis, dig shafts and tunnels, four strong arms, antennae 3
a: Dig, Shaft Self


You were on level 7 of the Dungeon.
You were not hungry.

You visited 1 branch of the dungeon, and saw 7 of its levels.

You collected 415 gold pieces.

Inventory:

Hand Weapons
 a - a +1 trident (weapon)
 r - a +0 scythe
Armour
 c - a +0 shield (worn)
 p - a +0 plate armour (worn)
Jewellery
 q - a ring of protection from fire (left hand)
Wands
 z - a wand of digging (12/24)
Scrolls
 f - a scroll of enchant weapon
 k - a scroll of torment {unknown}
 l - 2 scrolls of immolation
 s - a scroll of fog
 v - a scroll of remove curse
Potions
 b - a potion of berserk rage {unknown}
 d - 2 potions of might
 e - a potion of haste {unknown}
 g - 2 potions of curing
 i - 2 potions of cancellation
 j - 3 potions of heal wounds
 m - 2 potions of flight {unknown}
 n - a potion of resistance {unknown}
 t - 2 potions of lignification
Books
 o - a book of Misfortune

   Spells                             Type                      Level
   a - Confusing Touch                Hexes                        1
   b - Confuse                        Hexes                        3
   c - Gell's Gravitas                Translocation                3
   d - Petrify                        Transmutation/Earth          4
   e - Metabolic Englaciation         Hexes/Ice                    5
   f - Yara's Violent Unravelling     Hexes/Transmutation          5
Comestibles
 h - 4 meat rations


   Skills:
 * Level 10.7 Fighting
 * Level 9.4 Polearms
 - Level 3.2 Armour
 - Level 3.6 Shields


You had 9 spell levels left.
You didn't know any spells.

Dungeon Overview and Level Annotations

Branches:
Dungeon (7/15)
 Temple: D:4-7

Altars:
Zin

Shops:
D:6 (


Innate Abilities, Weirdness & Mutations

You cannot be hasted, slowed, berserked, paralysed or teleported.
You can dig through walls and to a lower floor.
Your four strong arms can wield two-handed weapons with a shield.
You have a pair of large antennae on your head. (SInv)


Message History

The hog bites you.
* * * LOW HITPOINT WARNING * * *
You block the hog's attack.
You hit the hog.
The hog is lightly wounded.
You barely miss the hog.
The hog is severely wounded.
You block the hog's attack. The hog bites you.
* * * LOW HITPOINT WARNING * * *
The hog bites you.
* * * LOW HITPOINT WARNING * * *
You completely miss the hog.
The hog is severely wounded.
The hog bites you!
* * * LOW HITPOINT WARNING * * *
You block the hog's attack. The hog bites you but does no damage.
You closely miss the hog.
The hog is severely wounded.
You block the hog's attack. The hog bites you.
You die...

####### ♣.......
#%%#..# ♣...>..#
#%.#..# ♣....#.#
#..'..# ♣♣..#.#.#
#..#..# .
♣..!..#.###h)#..#
.≈ ♣♣...#.....#h##
.≈≈♣...........h@#
..≈.)...#?......##
..###.....#######
#.(†.#.####### .
#.##.....#...##
####.##..........##
.##..#............#
..†.##............#
.>.###>...........#


You could see 3 hogs.

Vanquished Creatures
  Sigmund (D:4)
  A human (D:7)
  A hog (D:7)
  2 orc warriors (D:6)
  2 ice beasts (D:6)
  2 phantoms
  A necrophage (D:6)
  4 ogres
  A centaur (D:7)
  3 big kobolds (D:4)
  A gnoll sergeant (D:3)
  A scorpion (D:5)
  A howler monkey (D:4)
  2 hounds (D:5)
  2 bullfrog skeletons (D:4)
  A centaur skeleton (D:4)
  4 orc priests
  A gnoll shaman (D:5)
  6 worker ants
  2 iguanas
  7 orc wizards
  A hound zombie (D:5)
  12 gnolls
  7 adders
  A shadow imp (D:5)
  2 adder skeletons
  A dart slug (D:4)
  2 leopard geckos
  18 orcs
  3 bats
  5 giant cockroaches
  4 goblins
  14 hobgoblins
  4 jackals
  3 quokkas
  A ball python (D:4)
  3 frilled lizards
  57 kobolds
  9 rats
193 creatures vanquished.

Vanquished Creatures (others)
  A leopard gecko (D:7)
1 creature vanquished.

Grand Total: 194 creatures vanquished

Notes
Turn   | Place    | Note
-------+----------+-------------------------------------------
     0 | D:1      | MTVSty1e the Formicid Fighter began the quest for the Orb.
     0 | D:1      | Reached XP level 1. HP: 18/18 MP: 1/1
   271 | D:1      | Reached XP level 2. HP: 24/24 MP: 2/2
   799 | D:2      | Reached XP level 3. HP: 27/30 MP: 3/3
  1031 | D:2      | Reached skill level 4 in Fighting
  1611 | D:3      | Reached XP level 4. HP: 34/37 MP: 4/4
  2138 | D:3      | Noticed a gnoll sergeant
  2171 | D:3      | Killed a gnoll sergeant
  2171 | D:3      | Reached skill level 5 in Fighting
  2171 | D:3      | Reached XP level 5. HP: 5/44 MP: 5/5
  2706 | D:4      | Noticed Sigmund
  2717 | D:4      | Killed Sigmund
  2717 | D:4      | Reached skill level 5 in Polearms
  2717 | D:4      | Reached XP level 6. HP: 49/52 MP: 6/6
  2780 | D:4      | Reached skill level 6 in Fighting
  2908 | D:4      | Reached XP level 7. HP: 51/58 MP: 7/7
  3042 | D:4      | Reached skill level 7 in Fighting
  3150 | D:4      | Reached XP level 8. HP: 44/67 MP: 8/8
  3949 | D:4      | Reached skill level 8 in Fighting
  4617 | D:5      | Entered Level 5 of the Dungeon
  5173 | D:5      | Reached XP level 9. HP: 73/75 MP: 9/9
  5302 | D:5      | Reached skill level 9 in Fighting
  6759 | D:6      | Reached skill level 10 in Fighting
  6936 | D:6      | Found Dewann's Weapon Emporium.
  7365 | D:7      | Found a glowing silver altar of Zin.
  7830 | D:7      | Reached XP level 10. HP: 37/86 MP: 10/10
  7838 | D:7      | HP: 3/86 [hog (7)]
  7839 | D:7      | Slain by a hog

Skill      XL: |  1  2  3  4  5  6  7  8  9 |
---------------+----------------------------+-----
Fighting       | 4 5 6 7 8 10 | 10.7
Polearms       | 3 4 5 6 7 9 |  9.4
Armour         | |  3.2
Shields        | |  3.6

Action                   |  1- 3 |  4- 6 |  7- 9 | 10-12 || total
-------------------------+-------+-------+-------+-------++-------
Melee: Trident           |   178 |   124 |   678 |     8 ||   988
  Use: Scroll            |     2 |     5 |     7 |       ||    14
       Potion            |       |     1 |     2 |       ||     3
  Eat: Bread ration      |     1 |     1 |     3 |       ||     5
       Royal jelly       |       |       |     1 |       ||     1
       Fruit             |       |       |     4 |       ||     4
Armor: Scale mail        |    96 |       |       |       ||    96
       Plate armour      |       |    85 |   318 |     2 ||   405
Dodge: Dodged            |    69 |    28 |   107 |     3 ||   207
Block: Shield            |   121 |    80 |   356 |     5 ||   562
